 Dungeon Crawl Stone Soup version 0.23-a0-619-g281719c (webtiles) character file.

139311 Mgcat the Executioner (level 17, -7/151 HPs)
             Began as a Hill Orc Gladiator on Dec 22, 2018.
             Was a High Priest of Makhleb.
             Mangled by a balrug
             ... wielding a +0 demon whip of venom
             ... summoned by the player character
              (22 damage)
             ... on level 15 of the Dungeon.
             The game lasted 01:06:43 (26511 turns).

Mgcat the Executioner (Hill Orc Gladiator)         Turns: 26511, Time: 01:06:44

Health: -7/151     AC: 30    Str: 21    XL:     17   Next: 28%
Magic:  0/27       EV: 12    Int:  8    God:    Makhleb [*****.]
Gold:   1156       SH:  0    Dex: 14    Spells: 16/16 levels left

rFire    . . .     SeeInvis .   X - +4 battleaxe (chop)
rCold    + . .     Gourm    .   (shield currently unavailable)
rNeg     . . .     Faith    .   Y - +12 chain mail of Weightlessness {rElec Str-3 Dex+2}
rPois    +         Spirit   +   c - +1 helmet
rElec    +         Reflect  .   W - scarf {Spirit}
rCorr    .         Harm     .   F - +1 pair of gloves
MR       +....                  (no boots)
Stlth    ..........             a - amulet of guardian spirit {Spirit}
HPRegen  0.35/turn              P - ring of protection from cold {rC+, !d}
MPRegen  0.20/turn              E - ring of poison resistance {rPois, !d}

@: liquid flames, about to teleport, glowing
A: no striking features
a: Minor Destruction, Lesser Servant of Makhleb, Major Destruction, Greater
Servant of Makhleb, Renounce Religion


You were on level 15 of the Dungeon.
You worshipped Makhleb.
Makhleb was extremely pleased with you.
You were not hungry.

You visited 3 branches of the dungeon, and saw 23 of its levels.

You collected 2250 gold pieces.
You spent 1094 gold pieces at shops.

Inventory:

Hand Weapons
 l - a +1 executioner's axe of venom
   (You acquired it on level 14 of the Dungeon)
 X - a +4 battleaxe of chopping (weapon)
   (You took it off Saint Roka on level 2 of the Orcish Mines)
Missiles
 d - 7 throwing nets {=f, !d}
 z - 5 curare-tipped needles
 L - 2 tomahawks of dispersal {=f}
Armour
 c - a +1 helmet (worn)
 F - a +1 pair of gloves (worn)
   (You found it on level 12 of the Dungeon)
 W - a scarf of spirit shield (worn)
   (You found it on level 1 of the Lair of Beasts)
 Y - the +12 chain mail of Weightlessness (worn) {rElec Str-3 Dex+2}
   (You found it on level 14 of the Dungeon)

   It affects your strength (-3).
   It affects your dexterity (+2).
   It insulates you from electricity.
Jewellery
 a - an amulet of guardian spirit (around neck) {Spirit}
   (You found it on level 2 of the Lair of Beasts)
 v - an uncursed ring of flight {+Fly, !d}
   (You found it on level 6 of the Lair of Beasts)
 E - a ring of poison resistance (right hand) {rPois, !d}
   (You found it on level 10 of the Dungeon)
 I - an uncursed ring of positive energy {rN+}
   (You found it on level 7 of the Dungeon)
 P - a ring of protection from cold (left hand) {rC+, !d}
   (You found it on level 9 of the Dungeon)
 R - the ring "Lyskau" {Str+2 Int+4}
   (You took it off a yaktaur on level 14 of the Dungeon)

   [ring of strength]

   It affects your strength (+2).
   It affects your intelligence (+4).
 Z - an uncursed ring of see invisible {sInv, !d}
   (You found it on level 2 of the Lair of Beasts)
Wands
 p - a wand of acid (21)
   (You took it off a wight on level 11 of the Dungeon)
 s - a wand of polymorph (5)
   (You found it on level 5 of the Lair of Beasts)
 x - a wand of iceblast (8)
   (You found it on level 3 of the Dungeon)
 A - a wand of clouds (5)
   (You found it on level 5 of the Dungeon)
 H - a wand of digging (10)
   (You found it on level 12 of the Dungeon)
Scrolls
 h - 5 scrolls of fear
 i - 2 scrolls of immolation {!r}
 m - 16 scrolls of identify
 n - 14 scrolls of remove curse
 r - 4 scrolls of fog
 t - 2 scrolls of enchant armour
 u - 14 scrolls of teleportation
 y - a scroll of holy word {!r}
 G - a scroll of amnesia
 J - a scroll of blinking {!r}
Potions
 b - 4 potions of lignification {!q}
 g - 8 potions of flight
 j - a potion of berserk rage {!q}
 k - a potion of cancellation
 q - 7 potions of curing
 w - 2 potions of agility
 B - a potion of haste
 D - 2 potions of resistance
 K - 3 potions of might
 N - a potion of ambrosia
 O - a potion of mutation {!q}
Miscellaneous
 e - a lightning rod (4/4)
   (You found it on level 4 of the Lair of Beasts)
 o - a lamp of fire
   (You found it on level 9 of the Dungeon)
 C - a phial of floods
   (You found it on level 6 of the Lair of Beasts)
 T - a phantom mirror
 U - a fan of gales
   (You found it on level 10 of the Dungeon)
 V - 3 boxes of beasts
Comestibles
 f - 40 rations
 M - 6 chunks of flesh {@w0}


   Skills:
 + Level 13.9 Fighting
 + Level 22.7 Axes
 - Level 1.7 Throwing
 + Level 13.5 Armour
 + Level 8.0 Dodging
 - Level 1.0 Stealth
 + Level 14.2 Invocations


You had 16 spell levels left.
You didn't know any spells.
Your spell library contained the following spells:

 Spells                   Type           Power        Failure   Level  Hunger
 Animate Skeleton         Necr           N/A          93%         1    ##.....
 Beastly Appendage        Tmut           #.....       93%         1    ##.....
 Corona                   Hex            #......      93%         1    ##.....
 Flame Tongue             Conj/Fire      #....        93%         1    ##.....
 Freeze                   Ice            #...         93%         1    ##.....
 Infusion                 Chrm           #...         93%         1    ##.....
 Magic Dart               Conj           #...         93%         1    ##.....
 Pain                     Necr           #...         93%         1    ##.....
 Sandblast                Erth           #.....       93%         1    ##.....
 Blink                    Tloc           N/A          98%         2    ###....
 Call Imp                 Summ           #.......     98%         2    ###....
 Corpse Rot               Necr           N/A          98%         2    ###....
 Ensorcelled Hibernation  Hex/Ice        #.....       98%         2    ###....
 Passwall                 Tmut/Erth      #.......     98%         2    ###....
 Shroud of Golubria       Chrm/Tloc      #.........   98%         2    ###....
 Slow                     Hex            #.......     98%         2    ###....
 Song of Slaying          Chrm           #.......     98%         2    ###....
 Sticks to Snakes         Tmut           #.......     98%         2    ###....
 Sublimation of Blood     Necr           #.........   98%         2    ###....
 Throw Flame              Conj/Fire      #.....       98%         2    ###....
 Throw Frost              Conj/Ice       #.....       98%         2    ###....
 Confuse                  Hex            #.......     100%        3    ####...
 Conjure Flame            Conj/Fire      #.......     100%        3    ####...
 Dazzling Spray           Conj/Hex       #.....       100%        3    ####...
 Ignite Poison            Fire/Tmut/Pois #.......     100%        3    ####...
 Inner Flame              Hex/Fire       #.......     100%        3    ####...
 Lesser Beckoning         Tloc           #.........   100%        3    ####...
 Mephitic Cloud           Conj/Pois/Air  #.......     100%        3    ####...
 Ozocubu's Armour         Chrm/Ice       #.......     100%        3    ####...
 Recall                   Summ/Tloc      N/A          100%        3    ####...
 Regeneration             Chrm/Necr      #.........   100%        3    ####...
 Spectral Weapon          Hex/Chrm       #.......     100%        3    ####...
 Spider Form              Tmut/Pois      #.........   100%        3    ####...
 Stone Arrow              Conj/Erth      #.....       100%        3    ####...
 Teleport Other           Tloc           #.......     100%        3    ####...
 Tukima's Dance           Hex            #.......     100%        3    ####...
 Vampiric Draining        Necr           #.........   100%        3    ####...
 Animate Dead             Necr           N/A          100%        4    #####..
 Ice Form                 Ice/Tmut       #.......     100%        4    #####..
 Petrify                  Tmut/Erth      #.......     100%        4    #####..
 Sticky Flame             Conj/Fire      #.......     100%        4    #####..
 Summon Ice Beast         Ice/Summ       #.......     100%        4    #####..
 Throw Icicle             Conj/Ice       #.......     100%        4    #####..
 Agony                    Necr           #.......     100%        5    ######.
 Alistair's Intoxication  Tmut/Pois      #.......     100%        5    ######.
 Aura of Abjuration       Summ           #.........   100%        5    ######.
 Blade Hands              Tmut           #.........   100%        5    ######.
 Bolt of Draining         Conj/Necr      #.........   100%        5    ######.
 Dispel Undead            Necr           #.......     100%        5    ######.
 Excruciating Wounds      Chrm/Necr      #.........   100%        5    ######.
 Fireball                 Conj/Fire      #.........   100%        5    ######.
 Irradiate                Conj/Tmut      #.........   100%        5    ######.
 Lee's Rapid Deconstruct  Erth           #.........   100%        5    ######.
 Silence                  Hex/Air        #.........   100%        5    ######.
 Summon Demon             Summ           #.........   100%        5    ######.
 Summon Forest            Summ/Tloc      #.........   100%        5    ######.
 Summon Mana Viper        Hex/Summ       #.......     100%        5    ######.
 Bolt of Fire             Conj/Fire      #.........   100%        6    #######
 Shadow Creatures         Summ           N/A          100%        6    #######
 Malign Gateway           Summ/Tloc      #.........   100%        7    #######
 Ring of Flames           Chrm/Fire      #.........   100%        7    #######
 Ignition                 Fire           #.........   100%        8    #######


Dungeon Overview and Level Annotations

Branches:
Dungeon (15/15)            Temple (0/1) D:6            Lair (6/6) D:8
  Swamp (0/4) Lair:3       Spider (0/4) Lair:3        Slime (0/5) Lair:5
    Orc (2/2) D:11            Elf (0/3) Orc:2        Vaults (0/5) D:14
 Depths (0/5) D:15

Altars:
Cheibriados
Dithmenos
Elyvilon
Gozag
Kikubaaqudgha
Makhleb
Nemelex Xobeh
Sif Muna
Trog
Vehumet
Wu Jian
Xom
Beogh
Jiyva

Shops:
D:10 [   D:14 ?   D:15 **   Orc:2 ([(:

Annotations:
D:15 3 runed doors, exclusion: obsidian statue, tstbtto's ghost, journeyman DDBe


Message History

an arrow; a bolt The centaur warrior shoots an arrow.
The arrow hits you but does no damage.
The yaktaur shoots a bolt.
The bolt barely misses you.
You see here a bolt.
The centaur warrior unwields a +0 shortbow.
The centaur warrior hits you!
The centaur warrior hits you but does no damage.
You closely miss the centaur warrior.
The yaktaur shoots a bolt.
The bolt hits you but does no damage. The centaur warrior misses you.
You slice the centaur warrior!!
The centaur warrior is heavily wounded.
The centaur warrior hits you but does no damage.
You hit the centaur warrior but do no damage.
The centaur warrior is heavily wounded.
The yaktaur shoots a bolt.
The bolt barely misses you.
The centaur warrior hits you but does no damage.
You barely miss the centaur warrior.
The centaur warrior is heavily wounded.
The centaur warrior hits you but does no damage.
You hit the centaur warrior but do no damage.
The centaur warrior is heavily wounded.
The centaur warrior hits you but does no damage.
You slash the centaur warrior!
The centaur warrior is severely wounded.
The yaktaur shoots a bolt.
The bolt hits you!
The centaur warrior hits you but does no damage.
You slash the centaur warrior!
You kill the centaur warrior!
Makhleb accepts your kill.
No reachable target in view!
No reachable target in view!
No reachable target in view!
No reachable target in view!
A yaktaur is nearby!
The yaktaur shoots a bolt.
The bolt hits you but does no damage.
Items here: (( ) † a bolt; a +0 shortbow; 15 arrows; a centaur corpse You open the door.
Something unseen opens the door.
No target in view!
No target in view!
No target in view!
A frost giant comes into view.
It is wielding a +1 battleaxe of freezing.
The frost giant points at you and mumbles some strange words.
The bolt of cold hits you! You resist.
The yaktaur shoots a bolt.
The bolt hits you.
Found a staircase to the Depths.
There is an open door here.
You see here a bolt.
The frost giant hits you with a +1 battleaxe of freezing!!
The frost giant freezes you.
The yaktaur shoots a bolt.
The bolt hits you.
You see here a bolt.
You are too injured to fight recklessly!
You are too injured to fight recklessly!
You are too injured to fight recklessly!
You are too injured to fight recklessly!
You slash the frost giant!
The frost giant is lightly wounded.
The frost giant casts a spell at you. The bolt of cold hits you! You resist.
You slice the frost giant!!
The frost giant is heavily wounded.
The yaktaur shoots a bolt.
The bolt barely misses you.
The frost giant hits you with a +1 battleaxe of freezing.
A demon appears!
It doesn't seem very happy.
Unknown command.
Unknown command.
Unknown command.
Unknown command.
Unknown command.
A demon appears!
It doesn't seem very happy.
The frost giant hits you but does no damage.
The balrug misses you.
Unknown command.
Unknown command.
Unknown command.
Unknown command.
As you read the scroll of teleportation, it crumbles to dust.
You feel strangely unstable. The Executioner closely misses you. x2
The Executioner hits you but does no damage.
The balrug gestures at you. The sticky flame hits you!
You are covered in liquid flames!
The frost giant hits you with a +1 battleaxe of freezing!
The frost giant freezes you. The Executioner hits you!
* * * LOW HITPOINT WARNING * * *
The Executioner hits you but does no damage. x2
Unknown command.
Unknown command.
As you read the scroll of summoning, it crumbles to dust.
Wisps of shadow whirl around you...
You are covered in liquid flames!
* * * LOW HITPOINT WARNING * * *
The Executioner gestures.
The Executioner seems to speed up.
The balrug hits you with a +0 demon whip of venom!!
* * * LOW HITPOINT WARNING * * *
You are engulfed in flames!!
You die...

#.# #.# #.#
############.#
#........≈≈#.#
#'###≈≈≈#.≈#.#
#cR.#......#.#
#2Cu+..≈##.(.#
#@ul#......###
#1###≈≈≈#.≈#
#uu..((((≈≈#
############


You could see a frost giant, a balrug, an Executioner, a yaktaur, 4 friendly
ugly things, a friendly komodo dragon and a friendly efreet.

Vanquished Creatures
  An orc warlord (Orc:2)
  The ghost of Philosophy the Whirler, a journeyman HaHu of Okawaru (Lair:4)
  A death ooze (Lair:2)
  Josephine (Lair:4)
  An ogre mage (D:15)
  Harold (Lair:2)
  4 hydras
  5 centaur warriors
  10 two-headed ogres
  A death knight (D:13)
  An orc high priest (Orc:2)
  Nergalle (Lair:2)
  A shock serpent (shapeshifter) (D:14)
  A shadow wraith (D:14)
  4 skeletal warriors (D:14)
  3 unseen horrors
  4 orc knights
  A necromancer (Lair:4)
  9 ugly things
  2 orc sorcerers
  6 manticores
  4 deep elf magi
  8 slime creatures
  6 cyclopes
  4 black mambas
  6 elephants (Lair:5)
  A guardian serpent (shapeshifter) (D:14)
  Joseph (D:8)
  A gargoyle (D:9)
  9 rime drakes
  22 spiny frogs
  A komodo dragon (shapeshifter) (D:13)
  5 komodo dragons
  4 yaktaurs (D:14)
  The ghost of Tovarisch the Covert, a novice OpWn (D:4)
  2 efreet
  2 kobold demonologists (D:13)
  8 trolls
  4 red devils (D:13)
  2 hornets
  4 tyrant leeches (Lair:6)
  3 jumping spiders (Lair:3)
  A bog body (Lair:3)
  21 blink frogs
  A meliai zombie (D:12)
  2 dream sheep (D:8)
  16 hippogriffs
  2 shadows
  16 wyverns
  A vampire (D:11)
  4 redbacks (Lair:3)
  49 yaks
  3 basilisks
  A steam dragon (D:10)
  Grum (D:10)
  A death yak simulacrum (Lair:4)
  A hungry ghost (D:13)
  17 vampire mosquitoes
  4 wargs
  A swamp worm (shapeshifter) (D:13)
  Edmund (D:6)
  2 acid dragons
  6 water moccasins
  3 porcupines
  2 hydra simulacra (Lair:4)
  34 orc warriors
  The ghost of inc the Changer, an amateur FeTm of Elyvilon (D:5)
  4 black bears (D:8)
  2 eyes of draining
  3 sky beasts
  13 ice beasts
  A necrophage (D:8)
  11 ogres
  A boggart (D:14)
  8 wolves
  15 centaurs
  11 crocodiles
  6 big kobolds
  31 bullfrogs
  A gnoll sergeant (D:9)
  3 wyvern skeletons
  10 scorpions
  A water moccasin skeleton (D:6)
  A blink frog simulacrum (Lair:4)
  13 killer bees
  13 wights
  An electric eel (Lair:6)
  A rime drake simulacrum (Lair:4)
  2 torpor snail simulacra (Lair:4)
  8 crimson imps
  2 howler monkeys
  5 centaur zombies
  A quasit (D:5)
  5 bullfrog zombies
  7 centaur skeletons
  5 jellies
  Crazy Yiuf (D:6)
  25 orc priests
  8 hounds
  21 orc wizards
  2 bullfrog skeletons
  4 iguanas
  9 worker ants
  Natasha (thrice) (D:2)
  7 hell rats (Lair:5)
  A polar bear simulacrum (Lair:4)
  2 yak simulacra (Lair:4)
  4 wolf simulacra (Lair:4)
  A centaur simulacrum (D:5)
  4 hound zombies
  A hound skeleton (D:5)
  4 worker ant zombies
  4 gnolls
  16 adders
  3 shadow imps
  6 adder zombies
  A worm (D:2)
  2 dart slugs (D:2)
  2 adder simulacra (D:5)
  3 leopard geckos
  87 orcs
  A ball python (D:1)
  2 giant cockroaches
  8 goblins
  11 hobgoblins
  8 jackals
  5 quokkas
  9 bats
  5 frilled lizards
  A giant cockroach simulacrum (D:5)
  2 jackal zombies
  15 kobolds
  A leopard gecko skeleton (D:3)
  A leopard gecko zombie (D:5)
  2 quokka skeletons
  A quokka zombie (D:4)
  12 rats
  4 river rat simulacra (Lair:4)
  A butterfly (D:3)
  7 fungi
  8 plants
858 creatures vanquished.

Vanquished Creatures (collateral kills)
  Saint Roka (Orc:2)
  The ghost of Cuyts the Cleaver, a journeyman DsGl of Makhleb (Lair:2)
  2 two-headed ogres
  An orc knight (Orc:2)
  An orc sorcerer (Orc:2)
  A salamander (shapeshifter) (D:14)
  2 ugly things
  A centaur skeleton (D:15)
  2 rime drakes (Lair:4)
  2 trolls
  A blink frog (Lair:6)
  5 wraiths (Lair:4)
  A yak (Lair:2)
  A vampire mosquito (Lair:6)
  3 ice beasts (Orc:2)
  2 orc warriors
  2 ogres
  A crocodile (Lair:6)
  2 blink frog simulacra (Lair:4)
  3 jellies (Lair:2)
  2 orc priests (Orc:2)
  An orc wizard (Orc:2)
  8 orcs
  2 fungi (Lair:2)
48 creatures vanquished.

Vanquished Creatures (others)
  A bullfrog (Lair:6)
  4 fungi
  26 plants
31 creatures vanquished.

Grand Total: 937 creatures vanquished

Notes
Turn   | Place    | Note
-------+----------+-------------------------------------------
     0 | D:1      | Mgcat the Hill Orc Gladiator began the quest for the Orb.
     0 | D:1      | Reached XP level 1. HP: 18/18 MP: 1/1
   109 | D:1      | Reached XP level 2. HP: 23/25 MP: 2/2
   178 | D:1      | Reached skill level 3 in Fighting
   215 | D:1      | Reached skill level 5 in Axes
   215 | D:1      | Reached XP level 3. HP: 25/31 MP: 3/3
   614 | D:2      | Found a radiant altar of Vehumet.
   629 | D:2      | Reached XP level 4. HP: 36/38 MP: 4/4
  1034 | D:2      | Reached skill level 6 in Axes
  1134 | D:2      | Noticed Natasha
  1142 | D:2      | Killed Natasha
  1417 | D:3      | Found a shimmering altar of Xom.
  1433 | D:2      | Noticed Natasha
  1447 | D:2      | Killed Natasha
  1447 | D:2      | Reached XP level 5. HP: 14/46 MP: 5/5
  1532 | D:2      | Noticed Natasha
  1897 | D:2      | Killed Natasha
  2116 | D:3      | Reached skill level 7 in Axes
  2210 | D:3      | Reached skill level 4 in Fighting
  2650 | D:3      | Found an opulent altar of Gozag.
  2745 | D:4      | Found a transporter.
  2747 | D:4      | Found a transporter.
  2747 | D:4      | Noticed Tovarisch's ghost (novice OpWn)
  2758 | D:4      | Reached XP level 6. HP: 45/52 MP: 6/6
  3050 | D:4      | Found a burning altar of Makhleb.
  3054 | D:4      | Reached skill level 1 in Stealth
  3058 | D:4      | Became a worshipper of Makhleb the Destroyer
  3418 | D:5      | Entered Level 5 of the Dungeon
  3429 | D:5      | Reached skill level 8 in Axes
  3429 | D:5      | Reached skill level 1 in Invocations
  3437 | D:5      | Reached skill level 2 in Invocations
  3439 | D:4      | HP: 13/55 [poisoned by an orc]
  3445 | D:4      | HP: 12/55 [poisoned by an orc]
  3453 | D:4      | HP: 12/55 [poisoned by an orc]
  3700 | D:5      | Reached XP level 7. HP: 60/60 MP: 8/8
  3713 | D:5      | Noticed inc's ghost (amateur FeTm)
  3754 | D:5      | Reached skill level 5 in Fighting
  3756 | D:5      | Found a shadowy altar of Dithmenos.
  3756 | D:5      | Found an ancient bone altar of Kikubaaqudgha.
  3758 | D:5      | Reached skill level 3 in Invocations
  3759 | D:5      | Found a burning altar of Makhleb.
  3759 | D:5      | Found a bloodstained altar of Trog.
  3759 | D:5      | Found a deep blue altar of Sif Muna.
  3783 | D:5      | Found a runed gate.
  3784 | D:5      | Found a runed gate.
  3785 | D:5      | Found a runed gate.
  4074 | D:5      | Found a white marble altar of Elyvilon.
  4118 | D:5      | Reached * piety under Makhleb
  4118 | D:5      | Reached skill level 9 in Axes
  4118 | D:5      | Reached skill level 4 in Invocations
  4660 | D:6      | Reached skill level 5 in Invocations
  4660 | D:6      | Reached XP level 8. HP: 61/68 MP: 11/11
  4727 | D:6      | Reached skill level 10 in Axes
  4933 | D:6      | Found a staircase to the Ecumenical Temple.
  4957 | D:6      | Noticed Edmund
  4968 | D:6      | Killed Edmund
  5014 | D:6      | Reached skill level 11 in Axes
  5127 | D:6      | Reached skill level 12 in Axes
  5408 | D:6      | Found a runed door.
  5412 | D:6      | Noticed Crazy Yiuf
  5416 | D:6      | Killed Crazy Yiuf
  5473 | D:7      | Reached XP level 9. HP: 57/74 MP: 12/12
  5505 | D:7      | Found a shadowy altar of Dithmenos.
  5668 | D:7      | Reached skill level 13 in Axes
  5678 | D:7      | Reached ** piety under Makhleb
  5820 | D:7      | Found a sparkling altar of Nemelex Xobeh.
  6359 | D:8      | Found an ornate altar of the Wu Jian Council.
  6361 | D:8      | Reached skill level 14 in Axes
  6445 | D:8      | Found a staircase to the Lair.
  6466 | D:8      | Reached skill level 15 in Axes
  6629 | D:8      | Reached XP level 10. HP: 78/79 MP: 13/13
  6760 | D:8      | Reached skill level 16 in Axes
  7096 | D:8      | Noticed Joseph
  7106 | D:8      | Killed Joseph
  7160 | D:8      | Reached skill level 17 in Axes
  7188 | D:8      | Noticed a three-headed hydra
  7194 | D:8      | Killed a one-headed hydra
  7360 | D:9      | Reached *** piety under Makhleb
  7596 | D:9      | Reached skill level 18 in Axes
  7725 | D:9      | Noticed a two-headed ogre
  7750 | D:9      | Killed a two-headed ogre
  7750 | D:9      | Reached XP level 11. HP: 26/84 MP: 9/14
  8069 | D:9      | Killed an unseen horror
  8069 | D:9      | Reached skill level 19 in Axes
  8416 | D:9      | Found a snail-covered altar of Cheibriados.
  8604 | D:10     | Entered Level 10 of the Dungeon
  8604 | D:10     | Noticed Grum
  8839 | D:9      | Reached **** piety under Makhleb
  9021 | D:10     | HP: 16/84 [ogre/cursed -2 giant club (14)]
  9026 | D:9      | HP: 9/84 [poisoned by a killer bee]
  9031 | D:9      | HP: 9/84 [poisoned by a killer bee]
  9036 | D:9      | HP: 8/84 [poisoned by a killer bee]
  9044 | D:9      | HP: 8/84 [poisoned by a killer bee]
  9514 | D:9      | Noticed a green ugly thing
  9515 | D:9      | Noticed a manticore
  9656 | D:10     | Killed Grum
  9694 | D:10     | HP: 18/84 [something (8)]
  9698 | D:10     | HP: 1/84 [something (8)]
 10140 | D:10     | Found a burning altar of Makhleb.
 10163 | D:10     | Reached skill level 20 in Axes
 10931 | D:10     | Noticed a cyclops
 10932 | D:10     | Noticed a deep elf mage
 10961 | D:10     | Killed a cyclops
 10968 | D:10     | Killed a deep elf mage
 10997 | D:10     | Identified the Collected Works on Entrancing Boosts
 11286 | D:10     | Found Roptudac's Armour Shop.
 11336 | D:11     | Reached skill level 1 in Armour
 11537 | D:11     | Noticed a deep elf mage
 11537 | D:11     | Noticed a four-headed hydra
 11551 | D:11     | Killed a deep elf mage
 11551 | D:11     | Reached skill level 2 in Armour
 11556 | D:11     | Killed a one-headed hydra
 11556 | D:11     | Reached skill level 6 in Fighting
 11556 | D:11     | Reached XP level 12. HP: 71/96 MP: 15/15
 11718 | D:11     | Reached skill level 3 in Armour
 11767 | D:11     | Reached skill level 4 in Armour
 11799 | D:11     | Found a staircase to the Orcish Mines.
 11819 | D:11     | Noticed a two-headed ogre
 11830 | D:11     | Killed a two-headed ogre
 11830 | D:11     | Reached skill level 7 in Fighting
 12274 | Lair:1   | Entered Level 1 of the Lair of Beasts
 12430 | Lair:1   | Reached skill level 5 in Armour
 13121 | Lair:2   | Noticed Harold
 13148 | Lair:2   | Killed Harold
 13195 | Lair:2   | Noticed an eight-headed hydra
 13202 | Lair:2   | Killed a four-headed hydra
 13202 | Lair:2   | Reached skill level 8 in Fighting
 13234 | Lair:2   | Found a runed gate.
 13234 | Lair:2   | Found a runed gate.
 13234 | Lair:2   | Found a runed gate.
 13235 | Lair:2   | Noticed a death ooze
 13241 | Lair:2   | Noticed Cuyts's ghost (journeyman DsGl)
 13271 | Lair:2   | Reached skill level 6 in Armour
 13426 | Lair:2   | Noticed Nergalle
 13436 | Lair:2   | Killed Nergalle
 13459 | Lair:2   | Reached skill level 9 in Fighting
 13481 | Lair:2   | Reached skill level 7 in Armour
 13937 | Lair:2   | Found a viscous altar of Jiyva.
 14015 | Lair:3   | Reached skill level 10 in Fighting
 14018 | Lair:3   | Reached skill level 8 in Armour
 14128 | Lair:3   | Found a staircase to the Swamp.
 14203 | Lair:3   | Reached XP level 13. HP: 107/113 MP: 12/16
 14212 | Lair:3   | Reached skill level 9 in Armour
 14253 | Lair:3   | Found a hole to the Spider Nest.
 14542 | Lair:3   | Reached skill level 10 in Armour
 15254 | Lair:4   | Found a runed gate.
 15254 | Lair:4   | Found a runed gate.
 15254 | Lair:4   | Found a runed gate.
 15296 | Lair:4   | Reached skill level 3 in Dodging
 15486 | Lair:4   | Reached skill level 6 in Invocations
 15585 | Lair:4   | Reached skill level 21 in Axes
 15827 | Lair:4   | Reached skill level 7 in Invocations
 15879 | Lair:4   | Noticed Josephine
 15890 | Lair:4   | Killed Josephine
 15901 | Lair:4   | Reached skill level 4 in Dodging
 15979 | Lair:4   | Noticed Philosophy's ghost (journeyman HaHu)
 16354 | Lair:5   | Reached ***** piety under Makhleb
 16354 | Lair:5   | Reached skill level 11 in Fighting
 16387 | Lair:5   | Reached skill level 11 in Armour
 16679 | Lair:5   | Found a viscous altar of Jiyva.
 16679 | Lair:5   | Found a staircase to the Slime Pits.
 16766 | Lair:5   | Reached XP level 14. HP: 120/124 MP: 19/19
 17207 | Lair:6   | Entered Level 6 of the Lair of Beasts
 17225 | Lair:6   | Reached skill level 8 in Invocations
 17547 | Lair:6   | Reached skill level 5 in Dodging
 17632 | Lair:6   | Reached skill level 9 in Invocations
 17902 | Lair:6   | HP: 31/125 [tyrant leech (23)]
 17908 | Lair:6   | HP: 5/125 [tyrant leech (23)]
 18865 | D:10     | Reached skill level 12 in Fighting
 19722 | D:12     | Reached skill level 12 in Armour
 19821 | Orc:1    | Entered Level 1 of the Orcish Mines
 20011 | Orc:2    | Entered Level 2 of the Orcish Mines
 20122 | Orc:2    | Paralysed by an orc sorcerer for 4 turns
 20224 | Orc:2    | Reached skill level 6 in Dodging
 20224 | Orc:2    | Reached skill level 10 in Invocations
 20481 | Orc:2    | HP: 23/127 [orc knight/+0 halberd (11)]
 20492 | Orc:2    | HP: 9/127 [hellwing[the player character] (3)]
 20861 | Orc:2    | Reached XP level 15. HP: 117/134 MP: 19/22
 20919 | Orc:2    | Found a roughly hewn altar of Beogh.
 20958 | Orc:2    | Found a roughly hewn altar of Beogh.
 21016 | Orc:2    | Found a roughly hewn altar of Beogh.
 21076 | Orc:2    | Found a roughly hewn altar of Beogh.
 21086 | Orc:2    | Found Dedistrienk's Antique Weapon Boutique.
 21169 | Orc:2    | Found a roughly hewn altar of Beogh.
 21387 | Orc:2    | Found a staircase to the Elven Halls.
 21417 | Orc:2    | Found a roughly hewn altar of Beogh.
 21418 | Orc:2    | Found Cuaseon's Book Boutique.
 21476 | Orc:2    | Found a roughly hewn altar of Beogh.
 21517 | Orc:2    | Noticed an orc warlord
 21547 | Orc:2    | Killed an orc warlord
 21635 | Orc:2    | Noticed Saint Roka
 21640 | Orc:2    | Noticed an Executioner
 22069 | Orc:2    | Killed Saint Roka
 22069 | Orc:2    | Reached skill level 22 in Axes
 22255 | Orc:2    | Found Niygugakh's Antique Weapon Shoppe.
 22257 | Orc:2    | Found a roughly hewn altar of Beogh.
 22259 | Orc:2    | Found Saugh's Antique Armour Emporium.
 22284 | Orc:2    | Bought a distressingly furry plate armour for 952 gold
                  | pieces
 22294 | Orc:2    | Identified the cursed +1 plate armour of the Cockatrice
                  | {Dex+6} (You bought it in a shop on level 2 of the Orcish
                  | Mines)
 22902 | D:13     | Reached skill level 12 in Invocations
 22902 | D:13     | Reached XP level 16. HP: 141/141 MP: 23/25
 22904 | D:13     | Noticed Nessos
 22907 | D:13     | Noticed Nessos
 22907 | D:13     | Nessos changed into Nessos the glowing shapeshifter
 22908 | D:13     | Noticed Nessos
 22908 | D:13     | Nessos the glowing shapeshifter changed into Nessos the
                  | swamp dragon
 22914 | D:13     | Noticed Nessos
 22914 | D:13     | Nessos the swamp dragon changed into Nessos the swamp worm
 22916 | D:13     | Killed Nessos the swamp worm
 22920 | D:13     | Got a brightly glowing leather armour
 23304 | D:13     | Reached skill level 13 in Invocations
 23310 | D:13     | Reached skill level 13 in Fighting
 23715 | D:14     | Identified the ring "Lyskau" {Str+2 Int+4}
 23721 | D:14     | Reached skill level 7 in Dodging
 24008 | D:14     | Reached ****** piety under Makhleb
 24012 | D:14     | Got a scorched chain mail
 24032 | D:14     | Identified the +12 chain mail of Weightlessness {rElec
                  | Str-3 Dex+2} (You found it on level 14 of the Dungeon)
 24066 | D:14     | Found a transporter.
 24192 | D:14     | Found Gownoehasa's Magic Scroll Shop.
 24221 | D:14     | Reached skill level 13 in Armour
 24404 | D:14     | Found a gate to the Vaults.
 24522 | D:14     | Bought a scroll of enchant weapon for 142 gold pieces
 24605 | D:14     | Found a transporter.
 24628 | D:14     | HP: 31/144 [something (12)]
 24632 | D:14     | HP: 10/144 [something (10)]
 24678 | D:14     | Identified a scroll of acquirement
 24716 | D:14     | Identified the Compendium of Orientation
 25024 | D:4      | Killed Tovarisch's ghost
 25103 | D:5      | Killed inc's ghost
 25325 | Lair:2   | Killed Cuyts's ghost
 25703 | Lair:4   | Killed Philosophy's ghost
 25971 | D:15     | Entered Level 15 of the Dungeon
 25991 | D:15     | Reached XP level 17. HP: 150/150 MP: 24/27
 26038 | D:15     | Reached skill level 14 in Invocations
 26194 | D:15     | Found a runed gate.
 26195 | D:15     | Found an opulent altar of Gozag.
 26196 | D:15     | Found a runed gate.
 26196 | D:15     | Found a runed gate.
 26196 | D:15     | Found Igrybbeu's Assorted Antiques.
 26196 | D:15     | Noticed tstbtto's ghost (journeyman DDBe)
 26198 | D:15     | Found Ugeinteh's Assorted Antiques.
 26314 | D:15     | Reached skill level 8 in Dodging
 26504 | D:15     | Found a staircase to the Depths.
 26509 | D:15     | Noticed an Executioner
 26511 | D:15     | HP: 33/151 [burnt (7)]
 26511 | D:15     | HP: 15/151 [balrug/+0 demon whip of venom[the player
                  | character] (18)]
 26511 | D:15     | Mangled by a balrug

Vault maps used:
D:1:      dpeg_arrival_rooms_b, serial_curves, eino_curves_02, eino_curves_03
D:2:      vehumet_crystals, first_ration, hangedman_decor_riveting,
          minmay_pentomino_pile, uniq_natasha
D:3:      lemuel_coloured_pillars_altar, xom_butterflies
D:4:      gammafunk_ghost_mausoleum, makhleb_heckhound_becter
D:5:      marbit_many_paths, grunt_temple_overflow_open, gammafunk_ghost_icy
D:6:      minmay_temple_entry_grid, serial_undead, serial_undead_b,
          serial_undead_f, serial_undead_e, serial_undead_a, serial_undead_e,
          uniq_crazy_yiuf_cottage, uniq_edmund
D:7:      lemuel_crystal_altar, grunt_dithmenos_smoke
D:8:      kennysheep_mini_moat, due_lair_maze_entry_diamond, hangedman_ranch,
          uniq_joseph
D:9:      cheibrodos_elevator_heist, cheibriados_altar_1
D:10:     minmay_the_grid_triangle_9x9_rhombus_full, serial_shops,
          kennysheep_mini, uniq_grum
D:11:     david_orc_1_choice
D:13:     einodemon_armed_red_devil_minivault, uniq_nessos
D:14:     gammafunk_the_bubble, hangedman_vaults_entry_quadrant_bands,
          serial_column_ruins, column_ruins_hut_ruined,
          column_ruins_hut_pillars, column_ruins_open_tiny,
          column_ruins_open_tiny, column_ruins_columns_straight,
          column_ruins_columns_straight, column_ruins_open_small_water,
          column_ruins_grid_3, kennysheep_windowed_goal
D:15:     grunt_enter_depths_snipers, ebering_ghost_gozag, grunt_decor_fettered
Lair:2:   gammafunk_ghost_ooze, uniq_harold, uniq_nergalle
Lair:3:   skrybe_swamp_entry_bodies, nicolae_spider_entry_tight_spaces
Lair:4:   gammafunk_ghost_icy, special_room, eino_house_with_fridge,
          grunt_megastairs_2, uniq_josephine
Lair:5:   dpeg_slime_entry_enclosed_altar, chequers_serial_rivers_micro_c
Lair:6:   minmay_lair_end_frog_pond, minivault_19, grunt_forest_small_clearings,
          chequers_serial_rivers_micro_c
Orc:2:    grunt_orc_community_town_hall, grunt_orc_community_big_house_2,
          grunt_orc_community_big_house_1, grunt_orc_community_house_2,
          grunt_orc_community_house_1, grunt_orc_community_house_2,
          grunt_orc_community_house_1, grunt_orc_community_house_1,
          grunt_orc_community_house_3, portal_ice_cave_entry_ice_beasts,
          uniq_saint_roka

Skill      XL: |  1  2  3  4  5  6  7  8  9 10 11 12 13 14 15 16 17 |
---------------+----------------------------------------------------+-----
Fighting       | 3 4 5 6 10 11 12 13 | 13.9
Axes           | 5 6 7 8 9 12 15 18 20 21 22 | 22.7
Stealth        | 1 |  1.0
Invocations    | 2 5 7 10 12 13 14 | 14.2
Armour         | 2 8 11 12 13 | 13.5
Dodging        | 4 6 7 8 |  8.0
Throwing       | |  1.7

Action                   |  1- 3 |  4- 6 |  7- 9 | 10-12 | 13-15 | 16-18 || total
-------------------------+-------+-------+-------+-------+-------+-------++-------
Melee: War axe           |    72 |   155 |   100 |    38 |       |       ||   365
       Hand axe          |       |       |   208 |   633 |   907 |       ||  1748
       Battleaxe         |       |       |       |       |   254 |   466 ||   720
Invok: Minor Destruction |       |       |     2 |     5 |    23 |       ||    30
       Lesser Servant of |       |       |       |    10 |    23 |     5 ||    38
       Major Destruction |       |       |       |       |    10 |     3 ||    13
       Greater Servant o |       |       |       |       |     4 |     5 ||     9
Evoke: Wand              |       |     2 |     2 |     5 |       |     3 ||    12
       Box of beasts     |       |       |       |       |     1 |       ||     1
  Use: Scroll            |       |     1 |       |    26 |     8 |     6 ||    41
       Potion            |       |       |       |     2 |     9 |     2 ||    13
 Stab: Sleeping          |       |     1 |       |       |       |       ||     1
       Distracted        |       |       |       |     3 |     4 |     2 ||     9
       Invisible         |       |       |       |       |       |     8 ||     8
  Eat: Chunk             |       |     7 |     8 |    17 |    24 |     7 ||    63
       Ration            |       |       |     1 |     2 |     1 |     2 ||     6
Armor: Leather armour    |    29 |    36 |       |       |       |       ||    65
       Scale mail        |       |    11 |    13 |       |       |       ||    24
       Chain mail        |       |       |    88 |    99 |       |   189 ||   376
       Plate armour      |       |       |       |   186 |   483 |   109 ||   778
       Skin              |       |       |       |     8 |       |       ||     8
Dodge: Dodged            |    52 |    93 |    85 |   155 |   358 |   208 ||   951

Table legend:
 A = Non-vault XP
 B = Vault XP
 C = Vault XP percentage of total XP
 D = Non-vault monster count
 E = Vault monster count
 F = Vault count percentage of total count
                 A         B        C        D         E       F
            +---------+---------+-------+---------+---------+-------
      Total |   87427 |   66081 |  43.0 |     546 |     343 |  38.6
            +---------+---------+-------+---------+---------+-------
        D:1 |      41 |       0 |   0.0 |      18 |       0 |   0.0
        D:2 |     146 |      38 |  20.7 |      30 |       3 |   9.1
        D:3 |      63 |       0 |   0.0 |      24 |       0 |   0.0
        D:4 |      55 |     497 |  90.0 |       4 |       5 |  55.6
        D:5 |     608 |     426 |  41.2 |      23 |       8 |  25.8
        D:6 |     874 |     380 |  30.3 |      16 |      10 |  38.5
        D:7 |     638 |       0 |   0.0 |      12 |       0 |   0.0
        D:8 |    1335 |    3658 |  73.3 |      20 |      18 |  47.4
        D:9 |    4262 |    2524 |  37.2 |      46 |       5 |   9.8
       D:10 |    2450 |    3399 |  58.1 |      32 |      29 |  47.5
       D:11 |    3954 |     834 |  17.4 |      24 |       9 |  27.3
       D:12 |    3129 |       0 |   0.0 |      19 |       0 |   0.0
       D:13 |   10575 |    1420 |  11.8 |      51 |       5 |   8.9
       D:14 |    8650 |   10630 |  55.1 |      29 |      36 |  55.4
       D:15 |   17792 |     952 |   5.1 |      39 |       1 |   2.5
     Lair:1 |     484 |       0 |   0.0 |       1 |       0 |   0.0
     Lair:2 |    7224 |    3759 |  34.2 |      33 |       8 |  19.5
     Lair:3 |    2878 |    2059 |  41.7 |      15 |       8 |  34.8
     Lair:4 |    6079 |   11925 |  66.2 |      23 |      57 |  71.2
     Lair:5 |    4936 |       0 |   0.0 |      18 |       0 |   0.0
     Lair:6 |    6669 |   12778 |  65.7 |      31 |      50 |  61.7
      Orc:1 |     406 |       0 |   0.0 |       9 |       0 |   0.0
      Orc:2 |    4179 |   10802 |  72.1 |      29 |      91 |  75.8
            +---------+---------+-------+---------+---------+-------

Vault maps used:
D:1:      dpeg_arrival_rooms_b, serial_curves, eino_curves_02, eino_curves_03
D:2:      vehumet_crystals, first_ration, hangedman_decor_riveting,
          minmay_pentomino_pile, uniq_natasha
D:3:      lemuel_coloured_pillars_altar, xom_butterflies
D:4:      gammafunk_ghost_mausoleum, makhleb_heckhound_becter
D:5:      marbit_many_paths, grunt_temple_overflow_open, gammafunk_ghost_icy
D:6:      minmay_temple_entry_grid, serial_undead, serial_undead_b,
          serial_undead_f, serial_undead_e, serial_undead_a, serial_undead_e,
          uniq_crazy_yiuf_cottage, uniq_edmund
D:7:      lemuel_crystal_altar, grunt_dithmenos_smoke
D:8:      kennysheep_mini_moat, due_lair_maze_entry_diamond, hangedman_ranch,
          uniq_joseph
D:9:      cheibrodos_elevator_heist, cheibriados_altar_1
D:10:     minmay_the_grid_triangle_9x9_rhombus_full, serial_shops,
          kennysheep_mini, uniq_grum
D:11:     david_orc_1_choice
D:13:     einodemon_armed_red_devil_minivault, uniq_nessos
D:14:     gammafunk_the_bubble, hangedman_vaults_entry_quadrant_bands,
          serial_column_ruins, column_ruins_hut_ruined,
          column_ruins_hut_pillars, column_ruins_open_tiny,
          column_ruins_open_tiny, column_ruins_columns_straight,
          column_ruins_columns_straight, column_ruins_open_small_water,
          column_ruins_grid_3, kennysheep_windowed_goal
D:15:     grunt_enter_depths_snipers, ebering_ghost_gozag, grunt_decor_fettered
Lair:2:   gammafunk_ghost_ooze, uniq_harold, uniq_nergalle
Lair:3:   skrybe_swamp_entry_bodies, nicolae_spider_entry_tight_spaces
Lair:4:   gammafunk_ghost_icy, special_room, eino_house_with_fridge,
          grunt_megastairs_2, uniq_josephine
Lair:5:   dpeg_slime_entry_enclosed_altar, chequers_serial_rivers_micro_c
Lair:6:   minmay_lair_end_frog_pond, minivault_19, grunt_forest_small_clearings,
          chequers_serial_rivers_micro_c
Orc:2:    grunt_orc_community_town_hall, grunt_orc_community_big_house_2,
          grunt_orc_community_big_house_1, grunt_orc_community_house_2,
          grunt_orc_community_house_1, grunt_orc_community_house_2,
          grunt_orc_community_house_1, grunt_orc_community_house_1,
          grunt_orc_community_house_3, portal_ice_cave_entry_ice_beasts,
          uniq_saint_roka

Table legend:
 A = Turns spent in this place as a percentage of turns spent in the entire game.
 B = Non-inter-level travel turns spent in this place as a percentage of non-inter-level travel turns spent in the entire game.
 C = Inter-level travel turns spent in this place as a percentage of turns spent in this place.
 D = Turns resting spent in this place as a percentage of non-inter-level travel turns spent in this place.
 E = Turns spent auto-exploring this place as a percentage of non-inter-level travel turns spent in this place.
 F = Non-inter-level travel turns spent in this place divided by the number of levels of this place that you've seen.
                   A       B       C       D       E      F
               +-------+-------+-------+-------+-------+----------------------
         Total | 100.0 | 100.0 |   9.0 |  15.5 |  62.6 | 1049.5
       Dungeon |  63.8 |  62.8 |  10.4 |  17.4 |  61.6 | 1010.5
          Lair |  26.7 |  27.2 |   7.1 |   5.9 |  71.4 | 1094.5
  Orcish Mines |   9.5 |  10.0 |   4.2 |  30.3 |  44.6 | 1207.0
               +-------+-------+-------+-------+-------+----------------------

Table legend:
 A = Kills in this place as a percentage of kills in entire the game.
 B = Kills by you in this place as a percentage of kills by you in the entire game.
 C = Kills by friends in this place as a percentage of kills by friends in the entire game.
 D = Other kills in this place as a percentage of other kills in the entire game.
 E = Experience gained in this place as a percentage of experience gained in the entire game.
 F = Experience gained in this place divided by the number of levels of this place that you have seen.
                   A       B       C       D       E      F
               +-------+-------+-------+-------+-------+----------------------
         Total | 100.0 | 100.0 | 100.0 | 100.0 | 100.0 | 6674.3
       Dungeon |  58.0 |  59.9 |  26.1 |   0.0 |  51.7 | 5288.7
          Lair |  27.4 |  26.8 |  37.0 | 100.0 |  38.3 | 9798.5
  Orcish Mines |  14.5 |  13.3 |  37.0 |   0.0 |  10.0 | 7693.5
               +-------+-------+-------+-------+-------+----------------------
